 Dungeon Crawl Stone Soup version 0.29.1-15-g9cfb28693d (webtiles) character file.

Game seed: 4448447875881046527

10110 safid the Frost Mage (level 11, -7/90 HPs)
             Began as a Merfolk Ice Elementalist on Feb 27, 2023.
             Was a Follower of Vehumet.
             Mangled by a very large slime creature (56 damage)
             ... on level 10 of the Dungeon.
             The game lasted 00:37:17 (12631 turns).

safid the Frost Mage (Merfolk Ice Elementalist)    Turns: 12631, Time: 00:37:18

Health: -7/90      AC: 15    Str:  9    XL:     11   Next: 57%
Magic:  18/24      EV: 13    Int: 18    God:    Vehumet [*.....]
Gold:   538        SH:  0    Dex: 21    Spells: 17/28 levels left

rFire   . . .      SeeInvis .   o - +2 short sword (venom)
rCold   . . .      Faith    .   (no shield)
rNeg    + . .      Spirit   .   a - +0 robe
rPois   .          Reflect  .   i - +0 helmet
rElec   .          Harm     .   y - +0 cloak
rCorr   .          Rampage  .   E - +0 pair of gloves
Will    .....                   x - +0 pair of boots
Stlth   ++........              A - amulet of regeneration
HPRegen 1.05/turn               n - +6 ring of dexterity
MPRegen 0.19/turn               G - ring of positive energy

@: ice-armoured
A: (nimble swimmer 2), mertail
a: Renounce Religion


You were on level 10 of the Dungeon.
You worshipped Vehumet.
Vehumet was aware of your devotion.
You visited 3 branches of the dungeon, and saw 12 of its levels.

You collected 568 gold pieces.
You spent 30 gold pieces at shops.

Inventory:

Hand Weapons
 o - a +2 short sword of venom (weapon)
Missiles
 h - a silver boomerang
 r - a throwing net
Armour
 a - a +0 robe (worn)
 i - a +0 helmet (worn)
 x - a +0 pair of boots (worn)
 y - a +0 cloak (worn)
 E - a +0 pair of gloves (worn)
Jewellery
 n - a +6 ring of dexterity (left hand)
 A - an amulet of regeneration (around neck)
 G - a ring of positive energy (right hand)
Wands
 s - a wand of flame (13)
Scrolls
 d - 2 scrolls of enchant weapon
 e - 5 scrolls of teleportation
 f - a scroll of butterflies
 m - a scroll of brand weapon
 q - 3 scrolls of enchant armour
 v - a scroll of fear
 w - 2 scrolls of blinking
 z - a scroll of silence {unknown}
 D - a scroll of acquirement {unknown}
 H - 2 scrolls of amnesia {unknown}
Potions
 b - a potion of magic
 c - 8 potions of curing
 g - 3 potions of mutation
 j - a potion of brilliance {unknown}
 l - a potion of might
 p - a potion of resistance {unknown}
 t - 2 potions of lignification {unknown}
 B - a potion of experience {unknown}


   Skills:
 + Level 10.0 Fighting
 + Level 2.8 Dodging
 - Level 2.1 Stealth
 + Level 9.4 Spellcasting
 + Level 13.4 Ice Magic


You had 17 spell levels left.
You knew the following spells:

 Your Spells              Type           Power      Damage    Failure   Level
a - Freeze                Ice            100%       1d11      1%          1
b - Frozen Ramparts       Ice            100%       1d16      1%          3
c - Ozocubu's Armour      Ice            54%        N/A       1%          3
d - Hailstorm             Conj/Ice       32%        3d8       5%          4

Your spell library contained the following spells:

 Spells                   Type           Power      Damage    Failure   Level
 Sandblast                Erth           16%        2d6       9%          1
 Necrotise                Necr           32%        1d5       9%          1
 Shock                    Conj/Air       32%        1d5       9%          1
 Metabolic Englaciation   Hex/Ice        16%        N/A       14%         5
 Confusing Touch          Hex            8%         N/A       26%         3
 Dazzling Flash           Conj/Hex       16%        N/A       26%         3
 Swiftness                Air            8%         N/A       26%         3
 Vampiric Draining        Necr           8%         2d6       26%         3
 Airstrike                Air            4%         2d(1-17)  63%         4
 Animate Dead             Necr           8%         N/A       63%         4
 Iskenderun's Mystic Bla  Conj/Tloc      8%         2d4       63%         4
 Simulacrum               Ice/Necr       16%        N/A       63%         6
 Agony                    Necr           8%         N/A       93%         5
 Borgnjor's Vile Clutch   Necr/Erth      4%         N/A       93%         5
 Yara's Violent Unravell  Hex/Tmut       4%         3d4       93%         5
 Death Channel            Necr           4%         N/A       100%        6
 Starburst                Conj/Fire      4%         6d3       100%        6
 Enfeeble                 Hex            4%         N/A       100%        7


Dungeon Overview and Level Annotations

Branches:
Dungeon (10/15)            Temple (1/1) D:7            Lair (1/5) D:8
    Orc: D:9-12

Altars:
Ashenzari
Cheibriados
Dithmenos
Elyvilon
Fedhas
Gozag
Hepliaklqana
Kikubaaqudgha
Makhleb
Nemelex Xobeh
Okawaru
Qazlal
Ru
Sif Muna
Trog
Uskayaw
Vehumet
Wu Jian
Xom
Yredelemnul
Zin
The Shining One

Shops:
D:2 *

Annotations:
Lair:1 exclusion: oklob plant


Innate Abilities, Weirdness & Mutations

((You are very nimble when in or above water. (Stealth+, EV+, Speed+++)))
Your lower body shifts to a powerful aquatic tail in water.


Message History

Unknown command.
Unknown command.
You hit the very large slime creature.
The very large slime creature is heavily wounded.
The wall freezes the slime creature.
The slime creature hits you but does no damage.
The wall freezes the very large slime creature!
The very large slime creature misses you.
The wall freezes the slime creature!
You puncture the very large slime creature!
The very large slime creature is severely wounded.
The wall freezes the slime creature!
You kill the slime creature!
Vehumet accepts your kill.
You feel your power returning.
The wall freezes the very large slime creature.
A very large slime creature splits.
The wall freezes the slime creature.
Two slime creatures merge to form a large slime creature.
The wall freezes the slime creature!
You hit the large slime creature.
The large slime creature is severely wounded.
The wall freezes the slime creature!
Two slime creatures merge to form a very large slime creature.
Unknown command.
You hit the very large slime creature.
The very large slime creature is poisoned.
The very large slime creature is severely wounded.
The wall freezes the very large slime creature!
The very large slime creature hits you!!!
The wall freezes the large slime creature!
The large slime creature hits you.
You hear a chilling moan.
Unknown command.
You hit the very large slime creature.
The very large slime creature looks as sick as possible!
The very large slime creature is severely wounded.
The frozen ramparts melt away.
The very large slime creature hits you!!!
Ouch! That really hurt!
You die...

.. .. .. #. #.
..# #.
#....#J#####
#..J@...#######.
##.####.....<...
# ##...#####
#.<.....#
#.........
#...##.... #...#
### #####


You could see a very large slime creature (extremely poisoned) and a large slime
creature.

Vanquished Creatures
  2 hydras (Lair:1)
  A boulder beetle (D:8)
  Joseph (D:8)
  2 black mambas (Lair:1)
  An efreet (D:9)
  2 komodo dragons (Lair:1)
  Prince Ribbit (D:8)
  A slime creature (D:10)
  A wyvern (Lair:1)
  11 yaks
  A wraith (D:6)
  2 steam dragons
  Menkaure (D:7)
  Edmund (D:6)
  Duvessa (D:7)
  A water moccasin (Lair:1)
  3 black bears
  2 sky beasts
  A centaur (D:9)
  8 wolves (Lair:1)
  A phantom (D:5)
  3 necrophages
  10 bullfrogs
  6 scorpions
  4 wights (D:8)
  Dowan (D:7)
  3 killer bees (D:9)
  A howler monkey (D:5)
  3 hounds
  4 orc priests
  Ijyb (D:5)
  5 iguanas
  7 orc wizards
  11 adders
  A gnoll (D:5)
  2 shadow imps
  A white imp (D:6)
  4 worms
  2 dart slugs
  26 orcs
  13 endoplasms
  6 giant cockroaches
  9 goblins
  8 hobgoblins
  11 jackals
  2 quokkas
  4 ball pythons
  4 bats
  6 frilled lizards
  3 kobolds
  7 rats
  A spectral kobold (D:2)
214 creatures vanquished.

Vanquished Creatures (others)
  11 fungi
  16 plants
  8 toadstools (Lair:1)
35 creatures vanquished.

Grand Total: 249 creatures vanquished

Notes
Turn   | Place    | Note
-------+----------+-------------------------------------------
     0 | D:1      | safid the Merfolk Ice Elementalist began the quest for the
                  | Orb.
     0 | D:1      | Reached XP level 1. HP: 13/13 MP: 3/3
   520 | D:1      | Reached XP level 2. HP: 14/19 MP: 1/5
   845 | D:1      | Reached XP level 3. HP: 18/24 MP: 1/6
   854 | D:1      | Learned a level 3 spell: Frozen Ramparts
   858 | D:1      | Learned a level 3 spell: Ozocubu's Armour
   959 | D:1      | Reached skill level 5 in Ice Magic
  1854 | D:2      | Reached XP level 4. HP: 18/30 MP: 4/8
  2159 | D:2      | Found Igeneed's General Store.
  2212 | D:2      | Bought a potion of degeneration for 10 gold pieces
  2212 | D:2      | Bought a scroll of identify for 20 gold pieces
  2456 | D:2      | Found a faded altar of an unknown god.
  3027 | D:3      | Reached XP level 5. HP: 35/35 MP: 10/10
  3066 | D:3      | Found a hide-covered altar of Uskayaw.
  3066 | D:3      | Found a sparkling altar of Nemelex Xobeh.
  3151 | D:3      | Found a glowing golden altar of the Shining One.
  3157 | D:3      | Found a shimmering altar of Xom.
  3367 | D:4      | Reached skill level 6 in Ice Magic
  3498 | D:4      | Found an iron altar of Okawaru.
  4171 | D:4      | Reached XP level 6. HP: 33/41 MP: 2/12
  4441 | D:5      | Entered Level 5 of the Dungeon
  4728 | D:5      | Reached skill level 7 in Ice Magic
  4728 | D:5      | Reached XP level 7. HP: 46/46 MP: 9/14
  4748 | D:5      | Reached skill level 5 in Spellcasting
  4980 | D:5      | Noticed Ijyb
  4998 | D:5      | Killed Ijyb
  5258 | D:5      | Reached skill level 8 in Ice Magic
  5259 | D:5      | Reached XP level 8. HP: 19/52 MP: 7/16
  5278 | D:5      | Learned a level 4 spell: Hailstorm
  5513 | D:5      | Found an opulent altar of Gozag.
  6120 | D:6      | Found a burning altar of Makhleb.
  6172 | D:6      | Reached skill level 9 in Ice Magic
  6249 | D:6      | Noticed a wraith
  6267 | D:6      | Killed a wraith
  6357 | D:6      | Noticed Edmund
  6364 | D:6      | Reached skill level 1 in Fighting
  6375 | D:6      | Killed Edmund
  6376 | D:6      | Reached XP level 9. HP: 27/55 MP: 10/20
  6873 | D:6      | Found a shimmering blue altar of Sif Muna.
  7285 | D:7      | Noticed Menkaure
  7298 | D:7      | Noticed Duvessa
  7298 | D:7      | Noticed Dowan
  7308 | D:7      | Killed Dowan
  7383 | D:7      | Killed Duvessa
  7384 | D:7      | Reached skill level 10 in Ice Magic
  7791 | D:7      | Found a staircase to the Ecumenical Temple.
  7905 | D:7      | Killed Menkaure
  8657 | Temple   | Entered the Ecumenical Temple
  8810 | Temple   | Became a worshipper of Vehumet
  8933 | D:8      | Reached skill level 5 in Fighting
  8946 | D:8      | Reached skill level 11 in Ice Magic
  8951 | D:8      | Reached XP level 10. HP: 76/76 MP: 1/22
  9213 | D:8      | Found a staircase to the Lair.
  9224 | D:8      | Noticed Prince Ribbit
  9288 | D:8      | Noticed a boulder beetle
  9379 | D:8      | Killed Prince Ribbit
  9617 | D:8      | Noticed Joseph
  9795 | D:9      | Reached skill level 12 in Ice Magic
 10264 | D:9      | Found an ornate altar of the Wu Jian Council.
 10376 | D:9      | Reached * piety under Vehumet
 10376 | D:9      | Offered knowledge of Sandblast by Vehumet.
 11114 | Lair:1   | Entered Level 1 of the Lair of Beasts
 11290 | Lair:1   | Noticed a black mamba
 11298 | Lair:1   | Killed a black mamba
 11386 | Lair:1   | Noticed a six-headed hydra
 11396 | Lair:1   | Killed a six-headed hydra
 11397 | Lair:1   | Reached XP level 11. HP: 76/87 MP: 13/23
 11563 | Lair:1   | Noticed an eight-headed hydra
 11779 | Lair:1   | Killed an eight-headed hydra
 11780 | Lair:1   | Reached skill level 13 in Ice Magic
 11928 | Lair:1   | Noticed an oklob plant
 12327 | D:8      | Killed Joseph
 12445 | D:8      | Killed a boulder beetle
 12446 | D:8      | Reached skill level 10 in Fighting
 12609 | D:10     | Entered Level 10 of the Dungeon
 12631 | D:10     | Mangled by a very large slime creature

Illustrated notes

Levels and vault maps discovered:
D:1:      lemuel_arrival_broad_hall, layout_basic, minmay_worlds_worst_comb
D:2:      layout_loops_ring, dreamdust_ecumenical_altar_drowned_temple,
          serial_shops, shop, minmay_pentomino_pile
D:3:      layout_rooms, gammafunk_temple_overflow_elements,
          mainiacjoe_overflow_catwalk_spiral
D:4:      layout_loops_ring, kennysheep_okawaru_gauntlet
D:5:      minmay_clustersquares, layout_rooms, lemuel_tele_altar, uniq_ijyb
D:6:      layout_rooms, kennysheep_mini, nicolae_sif_muna_condensation,
          uniq_edmund
D:7:      layout_cave_pods, minmay_temple_entry_hall, uniq_menkaure,
          uniq_duvessa
D:8:      layout_loops_ring, dpeg_oklobed_lair, uniq_prince_ribbit1, uniq_joseph
D:9:      layout_basic, nicolae_wu_jian_immortal_techniques
D:10:     layout_rooms, erik_orc_1, serial_demonic, serial_demonic_a,
          serial_demonic_e, serial_demonic_a, serial_demonic_g
Temple:   hellmonk_temple_forest_ring
Lair:1:   gammafunk_lair_enchanted_lake, layout_chaotic_city

Skill      XL: |  1  2  3  4  5  6  7  8  9 10 11 |
---------------+----------------------------------+-----
Ice Magic      | 5 6 7 8 9 11 12 13 | 13.4
Spellcasting   | 3 4 5 7 8 9 |  9.4
Fighting       | 1 6 8 10 | 10.0
Dodging        | |  2.8
Stealth        | |  2.1

Action                   |  1- 3 |  4- 6 |  7- 9 | 10-12 || total
-------------------------+-------+-------+-------+-------++-------
Melee: Unarmed           |     9 |       |       |       ||     9
       Dagger            |    51 |       |       |       ||    51
       Short sword       |    10 |   103 |   184 |   153 ||   450
       Punch             |     1 |     2 |     8 |       ||    11
       Tailslap          |       |     2 |       |       ||     2
 Cast: Freeze            |    41 |    35 |    10 |     2 ||    88
       Frozen Ramparts   |     2 |     6 |    29 |    31 ||    68
       Ozocubu's Armour  |       |     6 |    17 |    24 ||    47
       Hailstorm         |       |       |     4 |    11 ||    15
  Use: Potion            |     1 |       |     1 |     3 ||     5
       Scroll            |       |       |    11 |     5 ||    16
 Stab: Sleeping          |     2 |     6 |     3 |       ||    11
       Distracted        |       |     1 |       |       ||     1
Armor: Robe              |    24 |    18 |    45 |    78 ||   165
Dodge: Dodged            |    60 |    77 |   131 |   128 ||   396
